AoeStats
← MJP

Arena

510328822Analyzed
1v1 RM · 19h ago on Sep 30, 2026· 27m 6s· 2 players
Game mode
Random Map
Map size
Tiny (2 player)
Population
200
Speed
Normal
Resources
Standard
Victory
Conquest
Starting age
Dark Age
Ending age
Imperial Age
RankedLock teamsTeams togetherTeam positionsShared explorationLock speedFull tech treeHidden civsTurbo modeCheats
Victory
Defeat
🇦🇹 Burgundians · Austria
845
+15
🇨🇱 Bohemians · Chile
822
-15
Patoko6966
2:58 Loom
10:32 Feudal Age
11:17 Double-Bit Axe
12:10 Wheelbarrow
18:54 Castle Age
MJP
11:02 Feudal Age
14:29 Castle Age
14:49 Loom
19:07 Double-Bit Axe
Connection lost

Rejoining the realm…

Still unreachable

The connection could not be restored.

Session expired

The server has moved on; the page needs a fresh start.